 Dungeon Crawl Stone Soup version 0.14.0-12-g87ee3b7 (webtiles) character file.

269960 Infinimo the Metallomancer (level 20, -7/65 HPs)
             Began as a Gargoyle Earth Elementalist on Apr 16, 2014.
             Was the Champion of Vehumet.
             Mangled by a large abomination (10 damage)
             ... on Level 1 of the Abyss.
             The game lasted 03:57:00 (71167 turns).

Infinimo the Metallomancer (GrEE)                  Turns: 71167, Time: 03:57:00

HP  -7/65        AC 31     Str  5      XL: 20   Next: 10%
MP  13/36        EV 14     Int 27      God: Vehumet [******]
Gold 3578        SH 21     Dex  6      Spells:  9 memorised,  9 levels left

rFire  + . .     SeeInvis +     W - staff of wizardry
rCold  . . .     Rnd*Rage +     h - +4 robe "Siatea" {Str-3 Int+2}
rNeg   + + +     Conserve .     f - +2 shield {reflect}
rPois  +         rCorr    .     m - +2 hat {SInv}
rElec  +         rRot     +     g - +2 cloak {rPois}
SustAb . .       Spirit   .     j - +2 pair of gloves
rMut   .         Warding  .     F - +2 pair of boots
Gourm  +         Rnd*Tele +     c - amulet "Zoss" {Gourm +Inv +Fly rElec rN+ Int+2}
MR     +....                    X - ring of magical power
                                G - ring "Shrakheluje" {+Rage rF+ rN+ Int+2}

@: flying, somewhat resistant to hostile enchantments, unstealthy
A: able to fly continuously, large and strong wings, berserk 1, blurry vision 3,
clumsy 2, deformed body, deterioration 3, dopey 2, fast metabolism 3, frail 3,
low mp 3, life protection 1, electricity resistance, slow healing 1,
teleportitis 1, weak 2, unbreathing, petrification resistance, AC +15
a: Stop Flying, Renounce Religion, Evoke Berserk Rage, Evoke Invisibility
}: 2/15 runes: decaying, serpentine


You were on level 1 of the Abyss.
You worshipped Vehumet.
Vehumet was exalted by your worship.
You were not hungry.

You visited 7 branches of the dungeon, and saw 39 of its levels.
You visited the Abyss 1 time.
You also visited: Labyrinth.

You collected 3978 gold pieces.
You spent 400 gold pieces at shops.

Inventory:

Armour
 f - a +2 shield of reflection (worn)
 g - a +2 cloak of poison resistance (worn)
 h - the +4 robe "Siatea" (worn) {Str-3 Int+2}
   (You found it on level 13 of the Dungeon)

   It affects your strength (-3).
   It affects your intelligence (+2).
 j - a +2 pair of gloves (worn)
 m - a +2 hat of see invisible (worn)
 F - a +2 pair of boots (worn)
Magical devices
 b - a wand of disintegration (10)
 n - a wand of digging (11)
 x - a wand of teleportation (0)
Comestibles
 t - 5 pears
 z - 10 sultanas
 A - 5 apples
 B - 2 bread rations
 I - 12 strawberries
 K - 4 lychees
 M - 36 grapes
 O - a lemon
Scrolls
 e - 3 scrolls of teleportation
 i - a scroll of enchant weapon I
 k - 4 scrolls of blinking
 q - a scroll of torment {unknown}
 s - 6 scrolls of remove curse
 y - 2 scrolls of magic mapping
 E - 5 scrolls of identify
 H - a scroll of fear
Jewellery
 c - the amulet "Zoss" (around neck) {Gourm +Inv +Fly rElec rN+ Int+2}
   (You found it on level 4 of the Dungeon)

   [amulet of the gourmand]

   It affects your intelligence (+2).
   It insulates you from electricity.
   It protects you from negative energy.
   It lets you turn invisible.
   It lets you fly.
 u - an uncursed ring of protection from fire {unknown}
 G - the ring "Shrakheluje" (left hand) {+Rage rF+ rN+ Int+2}
   (You found it on level 5 of the Dungeon)

   [ring of positive energy]

   It affects your intelligence (+2).
   It protects you from fire.
   It lets you go berserk.
 J - an uncursed amulet of resist corrosion
 X - a ring of magical power (right hand)
Potions
 r - 4 potions of invisibility
 w - 2 potions of brilliance
 D - 2 potions of haste
 N - 2 potions of resistance
 S - 6 potions of restore abilities
Books
 a - a book of Callings

   Spells                             Type                      Level
   Summon Small Mammal                Summoning                    1
   Call Imp                           Summoning                    2
   Call Canine Familiar               Summoning                    3
   Summon Guardian Golem              Hexes/Summoning              4
   Summon Lightning Spire             Summoning/Air                4
   Summon Ice Beast                   Ice/Summoning                4
 d - a book of Geomancy

   Spells                             Type                      Level
   *Sandblast                         Earth                        1
   *Stoneskin                         Transmutation/Earth          2
   Passwall                           Transmutation/Earth          3
   *Stone Arrow                       Conjuration/Earth            3
   *Petrify                           Transmutation/Earth          4
   *Lee's Rapid Deconstruction        Earth                        5
 C - a book of Party Tricks

   Spells                             Type                      Level
   *Summon Butterflies                Summoning                    1
   Apportation                        Translocation                1
   Blink                              Translocation                2
   Alistair's Intoxication            Transmutation/Poison         4
   Tukima's Dance                     Hexes                        5
 Q - a book of Enchantments

   Spells                             Type                      Level
   Cause Fear                         Hexes                        4
   Silence                            Hexes/Air                    5
   Tukima's Dance                     Hexes                        5
   Deflect Missiles                   Charms/Air                   6
   Haste                              Charms                       6
   Discord                            Hexes                        8
Magical staves
 W - an uncursed staff of wizardry (weapon)


   Skills:
 - Level 12.2 Dodging
 - Level 2.1 Stealth
 - Level 10.0 Shields
 + Level 14.6 Spellcasting
 - Level 14.0 Conjurations
 - Level 5.0 Transmutations
 - Level 25.0 Earth Magic


You had 9 spell levels left.
You knew the following spells:

 Your Spells              Type           Power        Failure   Level  Hunger
a - Sandblast             Erth           ######       0%          1    None
b - Stone Arrow           Conj/Erth      ######       0%          3    None
c - Lee's Rapid Deconstr  Erth           ########..   0%          5    None
d - Stoneskin             Trmt/Erth      #######...   0%          2    None
e - Petrify               Trmt/Erth      #######.     1%          4    None
f - Summon Butterflies    Summ           ###.....     1%          1    None
g - Lehudib's Crystal Sp  Conj/Erth      #######...   1%          8    #######
h - Shatter               Erth           ########..   2%          9    #######
i - Statue Form           Trmt/Erth      #######...   1%          6    ####...


Dungeon Overview and Level Annotations

Branches:
Dungeon (15/15)            Temple (1/1) D:4             Orc (4/4) D:9
    Elf (0/3) Orc:3          Lair (8/8) D:8           Swamp (5/5) Lair:5
  Snake (5/5) Lair:6        Slime (0/6) Lair:7       Vaults (1/5) D:14
 Depths (0/5) D:15

Altars:
Ashenzari
Dithmenos
Fedhas
Kikubaaqudgha
Makhleb
Nemelex Xobeh
Okawaru
Sif Muna
Trog
Vehumet
Xom
The Shining One
Beogh

Shops:
D:4 (   Orc:2 %   Orc:3 !   Orc:4 [*(%*

Annotations:
Lair:6 exclusion: oklob plant


Innate Abilities, Weirdness & Mutations

You are resistant to torment.
You are immune to poison.
You are immune to rotting.
You can fly continuously.
Your stone body is very resilient (AC +15).*
Your wings are large and strong.*
You resist negative energy.
You are resistant to electric shocks.*
You can survive without breathing.*
You are immune to petrification.
[You tend to lose your temper in combat.]
[Your vision is extremely blurry.]
[You are very clumsy. (Dex -4)]
[Armour fits poorly on your strangely shaped body.*]
[Your body is rapidly deteriorating.]
[You are very dopey. (Int -4)]
[Your metabolism is lightning-fast.]
[You are extremely frail (-30% HP).]
[Your magical capacity is extremely low (-30% MP).]
[You heal slowly when monsters are visible.]
[Space occasionally distorts in your vicinity.]
[You are very weak. (Str -4)]


Message History

You block the flying skull's attack.
Evoke which item? (* to show all) (? for menu, Esc to quit)
Okay, then.
Unknown command.
A small abomination comes into view.
The thrashing horror tramples you.
* * * LOW HITPOINT WARNING * * *
You hold your ground!
The thrashing horror tramples you.
* * * LOW HITPOINT WARNING * * *
You stumble backwards!
The hellwing hits you.
* * * LOW HITPOINT WARNING * * *
You block the hellwing's attack.
A hellwing and a large abomination come into view.
The hellwing gestures at you. You resist with almost no effort.
The thrashing horror roars!
You block the thrashing horror's attack.
The large abomination hits you!
You die...

##..
.##..#.#h##..#
.. .# ####xz#
. ... .#
#....####. ###
#.*.#z#.#
#..#..#.##
###.###..##
.##.#.#z...#.#
.........X...#
......x4X@#.#
##.......≈..#
.....#.#...##
....#.#.#.#
..%.......
....#...#.
.......## #
..... # .


You could see a wretched star, a thrashing horror, a large abomination, a
hellwing, a small abomination and a flying skull.

Vanquished Creatures
  Saint Roka (Swamp:2)
  Asterion (Swamp:2)
  Vashnia (Snake:4)
  3 acid blobs (Lair:7)
  Frances (Swamp:4)
  A thorn hunter (Swamp:3)
  A spectral weapon (Swamp:2)
  Roxanne (Swamp:4)
  9 greater nagas
  Donald (Snake:3)
  Maud (Snake:1)
  Aizul (Snake:3)
  Snorg (Swamp:1)
  A minotaur (Lab)
  5 fire dragons
  An ironheart preserver (Vaults:1)
  2 vault guards (D:14)
  Fannar (Orc:2)
  13 hydras
  Harold (Lair:6)
  19 naga warriors
  Nessos (Orc:4)
  A ravenous feature mimic (Snake:2)
  3 shambling mangroves
  Erica (Orc:3)
  11 anacondas
  A tengu warrior (D:14)
  11 alligators
  A centaur warrior (D:14)
  4 orc high priests (Orc:4)
  18 death yaks
  23 naga sharpshooters
  7 shock serpents
  Nergalle (Lair:1)
  4 salamander mystics
  A sun demon (Abyss:1)
  An unseen horror (D:13)
  A wizard (D:14)
  A sea snake (Snake:1)
  5 swamp dragons
  2 large abominations (Abyss:1)
  4 spriggan druids
  2 ice devils (Snake:1)
  8 hill giants
  Pikel (D:7)
  A red wasp (Swamp:3)
  3 orc knights
  9 naga ritualists
  2 wolf spiders (Lair:8)
  5 mana vipers
  2 griffons
  2 necromancers (D:14)
  3 orc sorcerers
  7 cyclopes
  8 salamanders
  51 black mambas
  A manticore (D:11)
  A deep elf conjurer (D:15)
  8 elephants
  2 smoke demons (Abyss:1)
  4 guardian serpents
  2 gargoyles
  35 naga magi
  31 spiny frogs
  A feature mimic (Lair:5)
  4 yaktaurs
  An item mimic (D:15)
  A yaktaur (shapeshifter) (D:15)
  An efreet (Abyss:1)
  7 fire drakes
  2 centaur zombies
  9 komodo dragons
  4 giant fireflies
  7 trolls
  A polar bear (Lair:6)
  Sonja (D:15)
  2 deep elf priests (D:15)
  3 two-headed ogres
  4 baby alligators (Swamp:5)
  6 giant leeches
  A tengu conjurer (D:14)
  17 ravens
  37 slime creatures
  34 blink frogs
  10 bog bodies
  A boulder beetle (Lair:5)
  3 flying skulls (Abyss:1)
  A grizzly bear (Lair:5)
  5 thorn lotuses
  5 basilisks
  54 yaks
  A redback (Lair:8)
  A shadow (Swamp:1)
  8 spriggans
  18 humans
  2 sharks (Lair:2)
  A vampire (D:15)
  9 hippogriffs
  3 elephant slugs
  4 deep elf magi
  3 wyverns
  A ynoxinul (Abyss:1)
  3 wraiths
  Eustachio (D:4)
  19 ugly things
  A warg (D:15)
  3 wolves (Lair:5)
  2 steam dragons
  8 fire bats
  2 deep elf fighters (D:15)
  Edmund (D:8)
  29 vampire mosquitoes
  A necrophage (D:10)
  73 nagas
  A small abomination (Abyss:1)
  33 swamp worms
  A warg (shapeshifter) (D:13)
  3 mottled dragons
  7 hungry ghosts
  2 soldier ants
  52 water moccasins
  5 giant goldfish
  5 spiders (Lair:8)
  5 phantoms
  10 porcupines
  29 orc warriors
  13 centaurs
  3 sky beasts
  20 swamp drakes
  4 yellow wasps
  6 ice beasts
  A boring beetle (Lair:7)
  A lava worm (Swamp:5)
  18 ogres
  4 big kobolds
  17 crocodiles
  A manticore skeleton (D:14)
  Sigmund (D:3)
  Duvessa (D:9)
  15 giant slugs
  16 giant frogs
  The ghost of inmateoo the Ruffian, an average VSMo (D:3)
  Blork the orc (D:4)
  12 insubstantial wisps
  A yaktaur skeleton (D:14)
  An eye of draining (D:10)
  4 scorpions
  A troll skeleton (D:7)
  17 wights
  A hippogriff skeleton (D:10)
  7 killer bees
  5 electric eels
  2 goliath beetles
  6 crimson imps
  A giant frog zombie (D:5)
  Dowan (D:9)
  13 hounds
  35 orc priests
  2 giant frog skeletons
  9 big fish
  A gnoll shaman (D:6)
  2 quasits
  3 jellies
  An iron imp (D:4)
  3 centaur skeletons
  A two-headed ogre skeleton (D:9)
  Natasha (thrice) (D:4)
  9 iguanas
  37 orc wizards
  An orange rat (Lair:5)
  11 worker ants
  An ogre zombie (D:10)
  16 sheep
  Ijyb (D:3)
  An ogre skeleton (D:4)
  3 mummies
  A worker ant zombie (D:11)
  A hound skeleton (D:6)
  2 orc zombies
  8 gnolls
  A scorpion zombie (D:8)
  84 green rats
  34 adders
  An orc skeleton (D:6)
  5 shadow imps
  4 worms
  3 giant mites
  An adder zombie (D:6)
  An adder skeleton (D:8)
  6 giant eyeballs
  15 giant geckos
  173 orcs
  A bat skeleton (D:4)
  7 giant cockroaches
  24 hobgoblins
  35 jackals
  32 kobolds
  14 quokkas
  9 ball pythons
  33 bats
  4 giant newts
  9 giant spores
  26 goblins
  30 rats
  A rat skeleton (D:5)
  24 ballistomycetes
  4 fungi
  A plant (Lair:8)
1854 creatures vanquished.

Vanquished Creatures (others)
  A hydra (Swamp:5)
  2 lindwurms (Swamp:5)
  A fire drake (Swamp:5)
  2 small abominations (Abyss:1)
  2 swamp drakes (Swamp:5)
  An ogre (Vaults:1)
  A sheep (D:15)
  An ufetubus (Abyss:1)
  An adder skeleton (D:4)
  A giant gecko (D:1)
  An orc (D:4)
  17 giant spores (D:14)
  7 ballistomycetes (D:14)
  12 fungi
  9 plants
59 creatures vanquished.

Grand Total: 1913 creatures vanquished

Notes
Turn   | Place    | Note
--------------------------------------------------------------
     0 | D:1      | Infinimo, the Gargoyle Earth Elementalist, began the quest for the Orb.
     0 | D:1      | Reached XP level 1. HP: 10/10 MP: 3/3
   410 | D:1      | Reached skill level 4 in Earth Magic
   564 | D:1      | Reached XP level 2. HP: 15/15 MP: 1/4
  1093 | D:1      | Reached XP level 3. HP: 19/19 MP: 0/6
  1102 | D:1      | Reached skill level 5 in Earth Magic
  1153 | D:1      | Learned a level 3 spell: Stone Arrow
  2119 | D:2      | Reached XP level 4. HP: 24/24 MP: 0/7
  2179 | D:2      | Reached skill level 6 in Earth Magic
  2620 | D:3      | Noticed Ijyb
  2731 | D:3      | Killed Ijyb
  2731 | D:3      | Reached XP level 5. HP: 28/28 MP: 3/9
  2842 | D:3      | Noticed Sigmund
  2854 | D:3      | Killed Sigmund
  2854 | D:3      | Reached skill level 7 in Earth Magic
  3265 | D:3      | Noticed inmateoo's ghost (average VSMo)
  3295 | D:3      | Killed inmateoo's ghost
  3295 | D:3      | Reached skill level 8 in Earth Magic
  3295 | D:3      | Reached XP level 6. HP: 30/32 MP: 3/10
  3783 | D:4      | Noticed Eustachio
  3796 | D:4      | Killed Eustachio
  3796 | D:4      | Reached skill level 9 in Earth Magic
  3911 | D:4      | Found a staircase to the Ecumenical Temple.
  3934 | Temple   | Entered the Ecumenical Temple
  3947 | Temple   | Became a worshipper of Vehumet
  3957 | D:4      | Reached XP level 7. HP: 36/36 MP: 10/12
  4255 | D:4      | Noticed Blork the orc
  4264 | D:4      | Killed Blork the orc
  4264 | D:4      | Reached skill level 10 in Earth Magic
  4296 | D:4      | Learned a level 5 spell: Lee's Rapid Deconstruction
  4361 | D:4      | Found Gaubauwn's Antique Weapon Boutique.
  4366 | D:4      | Noticed Natasha
  4386 | D:4      | Killed Natasha
  4839 | D:4      | Got a crude helmet
  4842 | D:4      | Identified the +1 helmet of the Peasants {+Blink +Rage Stlth+} (You found it on level 4 of the Dungeon)
  4847 | D:4      | Got a scintillating sapphire amulet
  5332 | D:4      | Acquired Vehumet's first power
  5332 | D:4      | Offered knowledge of Freeze by Vehumet.
  5528 | D:4      | Identified the Incunabulum of Summoning
  5741 | D:4      | Noticed Natasha
  5749 | D:4      | Killed Natasha
  5909 | D:4      | Noticed Natasha
  5917 | D:4      | Killed Natasha
  6080 | D:5      | Entered Level 5 of the Dungeon
  6233 | D:5      | Found a deep blue altar of Sif Muna.
  6297 | D:5      | Reached XP level 8. HP: 36/41 MP: 10/17
  6405 | D:5      | Reached skill level 1 in Conjurations
  6468 | D:5      | Learned a level 2 spell: Stoneskin
  6473 | D:5      | Learned a level 4 spell: Petrify
  6495 | D:5      | Offered knowledge of Throw Flame by Vehumet.
  6533 | D:5      | Got a fine iron ring
  6575 | D:5      | Identified the ring "Shrakheluje" {+Rage rF+ rN+ Int+2} (You found it on level 5 of the Dungeon)
  7090 | D:5      | Identified the amulet "Zoss" {Gourm +Inv +Fly rElec rN+ Int+2} (You found it on level 4 of the Dungeon)
  7282 | D:6      | Reached skill level 5 in Conjurations
  7788 | D:6      | Reached skill level 11 in Earth Magic
  7987 | D:6      | Reached XP level 9. HP: 45/45 MP: 5/19
  8295 | D:6      | Offered knowledge of Searing Ray by Vehumet.
  8358 | D:6      | Reached skill level 12 in Earth Magic
  8931 | D:7      | Paralysed by a giant eyeball for 4 turns
  9242 | D:7      | Found a shimmering altar of Xom.
  9248 | D:7      | Found an ancient bone altar of Kikubaaqudgha.
  9494 | D:7      | Found an iron altar of Okawaru.
  9534 | D:7      | Paralysed by a giant eyeball for 4 turns
  9539 | D:7      | Reached skill level 13 in Earth Magic
  9547 | D:7      | Noticed Pikel
  9551 | D:7      | Killed Pikel
  9551 | D:7      | Acquired Vehumet's second power
  9727 | D:7      | Learned a level 1 spell: Summon Butterflies
  9776 | D:8      | Found a staircase to the Lair.
  9787 | D:8      | Reached skill level 14 in Earth Magic
  9924 | D:8      | Offered knowledge of Mephitic Cloud by Vehumet.
  9934 | D:8      | Paralysed by a giant eyeball for 2 turns
 10087 | D:8      | Reached XP level 10. HP: 50/50 MP: 9/20
 10389 | D:8      | Reached skill level 5 in Spellcasting
 10703 | D:8      | Acquired Vehumet's third power
 10883 | D:8      | Noticed Edmund
 10901 | D:8      | Killed Edmund
 10901 | D:8      | Offered knowledge of Dazzling Spray by Vehumet.
 11803 | D:9      | Found a staircase to the Orcish Mines.
 12019 | D:9      | Noticed Dowan
 12026 | D:9      | Killed Dowan
 12031 | D:9      | Noticed Duvessa
 12063 | D:9      | Killed Duvessa
 12352 | D:9      | Reached skill level 15 in Earth Magic
 12522 | D:10     | Entered Level 10 of the Dungeon
 12615 | D:10     | Offered knowledge of Fireball by Vehumet.
 12781 | D:10     | Noticed an eight-headed hydra
 12786 | D:10     | Killed an eight-headed hydra
 12786 | D:10     | Reached XP level 11. HP: 54/54 MP: 13/26
 13004 | D:10     | Reached skill level 16 in Earth Magic
 14068 | D:11     | Noticed a hill giant
 14072 | D:11     | Killed a hill giant
 14072 | D:11     | Reached skill level 17 in Earth Magic
 15254 | D:12     | Paralysed by a giant eyeball for 4 turns
 15260 | D:12     | Paralysed by a giant eyeball for 3 turns
 15270 | D:12     | Paralysed by a giant eyeball for 2 turns
 15464 | D:12     | Reached skill level 5 in Dodging
 16046 | D:12     | Reached XP level 12. HP: 51/59 MP: 22/27
 17214 | D:12     | Noticed a hill giant
 17220 | D:12     | Killed a hill giant
 17223 | D:12     | Offered knowledge of Iron Shot by Vehumet.
 17393 | D:12     | Learned a level 6 spell: Iron Shot
 17866 | Lair:1   | Entered Level 1 of the Lair of Beasts
 18581 | Lair:1   | Noticed Nergalle
 18590 | Lair:1   | Killed Nergalle
 18952 | Lair:1   | Reached skill level 10 in Dodging
 20056 | Lair:2   | Reached XP level 13. HP: 63/63 MP: 16/28
 20244 | Lair:2   | Noticed a five-headed hydra
 20249 | Lair:2   | Killed a five-headed hydra
 20645 | Lair:2   | Offered knowledge of Ignite Poison by Vehumet.
 22541 | Lair:4   | Got a transparent spear
 22542 | Lair:4   | Identified the cursed +1,+1 spear "Mezar" {venom, rElec} (You found it on level 4 of the Lair of Beasts)
 22543 | Lair:4   | Identified a scroll of acquirement
 22812 | Lair:4   | Reached skill level 1 in Shields
 23014 | Lair:4   | Offered knowledge of Bolt of Cold by Vehumet.
 24053 | Lair:5   | Reached skill level 5 in Shields
 24444 | Lair:4   | Gained mutation: Your wings are large and strong. [gargoyle growth]
 24444 | Lair:4   | Reached XP level 14. HP: 46/68 MP: 7/29
 24642 | Lair:5   | Got a pair of slimy gloves
 24646 | Lair:5   | Identified the cursed -3 pair of gloves of the Undertaker {rN+} (You found it on level 5 of the Lair of Beasts)
 24665 | Lair:5   | Found a staircase to the Snake Pit.
 24750 | Lair:5   | the staircase to the Snake Pit was a mimic.
 25420 | Lair:5   | Found a staircase to the Swamp.
 25856 | Lair:6   | Found a labyrinth entrance.
 25870 | Lair:6   | Found a staircase to the Snake Pit.
 25881 | Lab      | Entered a labyrinth
 28608 | Lair:6   | Identified a -2 rod of ignition (10/10) (You found it in a labyrinth)
 28647 | Lair:6   | Got a warped scale mail
 28648 | Lair:6   | Identified the +6 scale mail of the Farrier {rElec} (You found it on level 6 of the Lair of Beasts)
 28794 | Lair:6   | Reached skill level 10 in Shields
 29967 | Lair:6   | Noticed Harold
 29972 | Lair:6   | Killed Harold
 30228 | Lair:6   | Found a blossoming altar of Fedhas.
 30365 | Lair:6   | Offered knowledge of Orb of Destruction by Vehumet.
 31431 | Lair:7   | Noticed an acid blob
 31464 | Lair:7   | Noticed an acid blob
 31465 | Lair:7   | Found a staircase to the Slime Pits.
 31465 | Lair:7   | Noticed an acid blob
 31475 | Lair:7   | Killed an acid blob
 31594 | Lair:7   | Reached skill level 10 in Spellcasting
 31692 | Lair:7   | Killed an acid blob
 31696 | Lair:7   | Reached XP level 15. HP: 46/72 MP: 23/33
 32349 | Lair:7   | Killed an acid blob
 32707 | Lair:8   | Entered Level 8 of the Lair of Beasts
 33151 | Lair:8   | Reached skill level 18 in Earth Magic
 33703 | Lair:8   | Offered knowledge of Spellforged Servitor by Vehumet.
 33735 | Lair:8   | Learned a level 7 spell: Spellforged Servitor
 34978 | Lair:8   | Reached skill level 19 in Earth Magic
 35746 | Lair:8   | Learned a level 6 spell: Statue Form
 35876 | Lair:8   | Reached skill level 1 in Transmutations
 36464 | Orc:1    | Entered Level 1 of the Orcish Mines
 36472 | Orc:1    | Offered knowledge of Poison Arrow by Vehumet.
 36591 | Orc:1    | Found a bloodstained altar of Trog.
 37137 | Orc:1    | Found a dark tunnel.
 37697 | Orc:2    | Noticed Fannar
 37711 | Orc:2    | Killed Fannar
 37930 | Orc:2    | Found Phuuc's Food Shoppe.
 38081 | Orc:3    | Found Omiabb's Distillery.
 38081 | Orc:3    | Found a staircase to the Elven Halls.
 38346 | Orc:3    | Found a roughly hewn altar of Beogh.
 38726 | Orc:3    | Noticed Erica
 38734 | Orc:3    | Killed Erica
 38829 | Orc:4    | Entered Level 4 of the Orcish Mines
 38829 | Orc:4    | Found Nias' Antique Armour Boutique.
 38841 | Orc:4    | Bought a glowing cloak for 130 gold pieces
 39023 | Orc:4    | Noticed Nessos
 39032 | Orc:4    | Killed Nessos
 39264 | Orc:4    | Offered knowledge of Lehudib's Crystal Spear by Vehumet.
 39264 | Orc:4    | Offered knowledge of Fire Storm by Vehumet.
 39264 | Orc:4    | Offered knowledge of Shatter by Vehumet.
 39572 | Orc:4    | Found Psitt's Antique Weapon Shoppe.
 39572 | Orc:4    | Found Zakosho's General Store.
 39667 | Orc:4    | Reached XP level 16. HP: 76/76 MP: 31/34
 39687 | Orc:4    | Reached skill level 5 in Transmutations
 40493 | Orc:4    | Found Seumeul's Food Emporium.
 40498 | Orc:4    | Found Jyomow's Assorted Antiques.
 40531 | Orc:4    | Bought a glowing wooden ring for 150 gold pieces
 40531 | Orc:4    | Bought an embroidered hat for 120 gold pieces
 41679 | Lair:4   | Learned a level 9 spell: Shatter
 43108 | D:13     | Got a warped robe
 43114 | D:13     | Identified the cursed +4 robe "Siatea" {Str-3 Int+2} (You found it on level 13 of the Dungeon)
 43341 | D:13     | Reached skill level 20 in Earth Magic
 45590 | D:14     | Found a gate to the Vaults.
 46130 | D:14     | Reached skill level 21 in Earth Magic
 46173 | D:14     | Paralysed by a wizard for 5 turns
 46907 | D:15     | Entered Level 15 of the Dungeon
 47886 | D:15     | Noticed Sonja
 47898 | D:15     | Killed Sonja
 48239 | D:15     | Found a staircase to the Depths.
 48739 | Snake:1  | Entered Level 1 of the Snake Pit
 49267 | Snake:1  | Noticed Maud
 49272 | Snake:1  | Killed Maud
 49616 | Snake:1  | Reached XP level 17. HP: 80/80 MP: 36/36
 50925 | Snake:2  | Learned a level 8 spell: Lehudib's Crystal Spear
 52181 | Snake:3  | Noticed Aizul
 52187 | Snake:3  | Killed Aizul
 52458 | Snake:3  | Noticed Donald
 52464 | Snake:3  | Killed Donald
 53062 | Snake:3  | Reached skill level 10 in Conjurations
 54090 | Snake:4  | Noticed Vashnia
 55400 | Snake:4  | Reached XP level 18. HP: 85/85 MP: 37/37
 56116 | Snake:4  | Killed Vashnia
 57149 | Snake:5  | Entered Level 5 of the Snake Pit
 57446 | Swamp:1  | Entered Level 1 of the Swamp
 57901 | Swamp:1  | Noticed Snorg
 57914 | Swamp:1  | Killed Snorg
 58566 | Swamp:1  | Reached skill level 22 in Earth Magic
 59910 | Snake:5  | Reached skill level 23 in Earth Magic
 60896 | Snake:5  | Reached XP level 19. HP: 89/89 MP: 37/37
 61596 | Snake:5  | Got a serpentine rune of Zot
 62444 | Swamp:2  | Reached skill level 24 in Earth Magic
 62946 | Swamp:2  | Noticed Saint Roka
 63259 | Swamp:2  | Killed Saint Roka
 63529 | Swamp:2  | Noticed Asterion
 63549 | Swamp:2  | Killed Asterion
 63738 | Swamp:2  | Got a polished leather armour
 63746 | Swamp:2  | Identified the +3 leather armour of Sloth {Int+2 Dam+4} (You found it on level 2 of the Swamp)
 64369 | Swamp:3  | Got a transparent ring mail
 64378 | Swamp:3  | Identified the +9 ring mail of Benevolence {+Blink} (You found it on level 3 of the Swamp)
 65122 | Swamp:3  | Identified the Tome of Ensnaring Summoning
 66193 | Swamp:3  | Reached skill level 25 in Earth Magic
 66904 | Swamp:4  | Noticed Frances
 66910 | Swamp:4  | Killed Frances
 67050 | Swamp:4  | Noticed Roxanne
 67054 | Swamp:4  | Killed Roxanne
 67371 | Swamp:4  | Identified Roxanne's Guide on the Mountains (You took it off Roxanne on level 4 of the Swamp)
 67627 | Swamp:5  | Entered Level 5 of the Swamp
 68847 | Swamp:5  | Got a decaying rune of Zot
 70343 | Vaults:1 | Entered Level 1 of the Vaults
 70346 | Vaults:1 | Reached XP level 20. HP: 94/94 MP: 39/39
 70682 | Vaults:1 | Cast into the Abyss (ogre mage)
 70836 | Abyss:1  | Found a corrupted altar of Lugonu.
 70870 | Abyss:1  | Found a corrupted altar of Lugonu.
 71165 | Abyss:1  | HP: 3/65 [hellwing (1)]
 71167 | Abyss:1  | Mangled by a large abomination

Action                   |  1- 3 |  4- 6 |  7- 9 | 10-12 | 13-15 | 16-18 | 19-21 || total
-------------------------+-------+-------+-------+-------+-------+-------+-------++-------
Melee: Unarmed           |    37 |     7 |    19 |    39 |       |       |       ||   102
       Scimitar          |       |       |     9 |       |       |       |       ||     9
       Whip              |       |       |     1 |    20 |       |       |       ||    21
       Staff             |       |       |       |       |    74 |    21 |    14 ||   109
 Cast: Sandblast         |    82 |    88 |   318 |    99 |    36 |     2 |       ||   625
       Stone Arrow       |     1 |     3 |   104 |   508 |  1326 |  1283 |   717 ||  3942
       Stoneskin         |       |       |     1 |       |    27 |    15 |     1 ||    44
       Lee's Rapid Decon |       |       |       |     7 |     4 |     3 |     4 ||    18
       Petrify           |       |       |       |     1 |     2 |       |       ||     3
       Iron Shot         |       |       |       |       |    46 |    29 |       ||    75
       Statue Form       |       |       |       |       |    13 |    15 |     1 ||    29
       Shatter           |       |       |       |       |       |    21 |     4 ||    25
       Lehudib's Crystal |       |       |       |       |       |    40 |    60 ||   100
 Abil: Fly               |       |       |       |       |     1 |       |     3 ||     4
Evoke: Wand              |       |       |     6 |     1 |     2 |     2 |     1 ||    12
  Use: Potion            |       |       |     3 |     1 |     4 |     3 |    12 ||    23
       Scroll            |       |       |    20 |     7 |    19 |     9 |     8 ||    63
